 Dungeon Crawl Stone Soup version 0.29.1-14-g9c671dbff4 (webtiles) character file.

Game seed: 17513243619089324679

293 Wobber the Changer (level 6, -4/50 HPs)
             Began as a Draconian Transmuter on Feb 12, 2023.
             Was a Believer of Kikubaaqudgha.
             Slain by an ogre
             ... wielding a +0 giant spiked club
              (22 damage)
             ... on level 4 of the Dungeon.
             The game lasted 00:11:27 (3539 turns).

Wobber the Changer (Draconian Transmuter)           Turns: 3539, Time: 00:11:27

Health: -4/50      AC:  6    Str: 12    XL:     6   Next: 11%
Magic:  9/10       EV: 12    Int: 14    God:    Kikubaaqudgha [**....]
Gold:   147        SH:  0    Dex: 13    Spells: 3/11 levels left

rFire   . . .      SeeInvis .   n - +0 short sword
rCold   . . .      Faith    .   (no shield)
rNeg    . . .      Spirit   .   (body armour unavailable)
rPois   .          Reflect  .   (helmet currently unavailable)
rElec   .          Harm     .   (no cloak)
rCorr   .          Rampage  .   (no gloves)
Will    .....                   (boots currently unavailable)
Stlth   +.........              (no amulet)
HPRegen 0.16/turn               (no ring)
MPRegen 0.12/turn               (no ring)

@: appendages
A: horns 2, talons 2, AC +6, unfitting armour, cold-blooded
a: End Transformation, Renounce Religion, Unearth Wretches


You were on level 4 of the Dungeon.
You worshipped Kikubaaqudgha.
Kikubaaqudgha was pleased with you.
You had temporarily grown beastly horns and talons.
You visited 1 branch of the dungeon, and saw 4 of its levels.

You collected 147 gold pieces.

Inventory:

Hand Weapons
 f - a +0 trident
 n - a +0 short sword (weapon)
Missiles
 c - 6 poisoned darts
 g - 19 stones
Scrolls
 d - a scroll of poison {unknown}
 h - a scroll of fog {unknown}
 i - a scroll of amnesia
 k - a scroll of teleportation {unknown}
 l - a scroll of magic mapping {unknown}
 p - a scroll of immolation {unknown}
 r - a scroll of silence {unknown}
Potions
 a - a potion of lignification
 b - a potion of haste
 e - a potion of heal wounds {unknown}
 j - a potion of magic {unknown}
 m - 2 potions of degeneration
 o - a potion of mutation {unknown}
 q - a potion of flight {unknown}


   Skills:
 + Level 2.8 Fighting
 - Level 2.2 Dodging
 - Level 3.3 Unarmed Combat
 + Level 3.0 Spellcasting
 - Level 0.2 Necromancy
 * Level 4.0 Transmutations
 * Level 2.2 Poison Magic


You had 3 spell levels left.
You knew the following spells:

 Your Spells              Type           Power      Damage    Failure   Level
a - Beastly Appendage     Tmut           26%        N/A       4%          1
b - Spider Form           Tmut/Pois      11%        N/A       17%         3
c - Animate Dead          Necr           2%         N/A       89%         4

Your spell library contained the following spells:

 Spells                   Type           Power      Damage    Failure   Level
 Sting                    Tmut/Pois      44%        1d5       6%          1
 Wereblood                Tmut           13%        N/A       6%          2
 Necrotise                Necr           8%         1d4       21%         1
 Poisonous Vapours        Pois/Air       10%        N/A       21%         2
 Sublimation of Blood     Necr           2%         N/A       30%         2
 Vampiric Draining        Necr           2%         2d6       52%         3
 Ozocubu's Armour         Ice            2%         N/A       54%         3
 Olgreb's Toxic Radiance  Pois           8%         N/A       63%         4
 Ice Form                 Ice/Tmut       7%         N/A       67%         4
 Ozocubu's Refrigeration  Ice            1%         4d7       100%        7


Dungeon Overview and Level Annotations

Branches:
Dungeon (4/15)
 Temple: D:4-7

Altars:
Kikubaaqudgha


Innate Abilities, Weirdness & Mutations

You have temporarily grown beastly horns and talons.
Your plain brown scales are hard. (AC +6)
You cannot fit into any form of body armour.
You are cold-blooded and may be slowed by cold attacks.


Message History

You miss the adder. Your kick misses the adder.
The adder is almost dead.
The adder barely misses you.
You closely miss the adder. Your kick misses the adder. You headbutt the adder.
You kill the adder!
Kikubaaqudgha accepts your kill.
Found a stone staircase leading up.
You see here an adder corpse.
h - a scroll labelled CEIQACA VUKIPP Magic restored.
Your transformation is almost over.
A goblin comes into view. It is wielding a +0 club.
You extend your transformation's duration.
The goblin shouts!
You miss the goblin. You headbutt the goblin.
You kill the goblin!
Kikubaaqudgha accepts your kill.
Things that are here:
a +0 club; a goblin corpse Your transformation is almost over.
Your horns disappear.
Your talons disappear.
Found a club.
You see here a +0 club.
An ogre comes into view. It is wielding a +0 giant spiked club.
The ogre shouts!
You grow a pair of large bovine horns.
Your feet morph into talons.
You hit the ogre.
The ogre is lightly wounded.
The ogre closely misses you.
You hit the ogre.
The ogre is lightly wounded.
You hit the ogre. You claw the ogre. You tail-slap the ogre.
The ogre is moderately wounded.
The ogre hits you with a +0 giant spiked club!!
Ouch! That really hurt!
Unknown command.
The ogre attacks as you move away!
The ogre hits you with a +0 giant spiked club!!
You die...
Kikubaaqudgha rasps: "You have failed me!
Welcome... death!"

#.# #.# ##
#.# .. #.#
#########
#.#
#........
#.#
#.#######
#O# #.# #@#
#.#
#.########)#
#..........#
############
#


You could see an ogre.

Vanquished Creatures
  A necrophage (D:2)
  A hound (D:4)
  An orc wizard (D:3)
  4 gnolls (D:3)
  8 adders
  3 worms
  2 dart slugs
  3 orcs (D:3)
  5 bats
  4 endoplasms
  4 giant cockroaches
  4 hobgoblins
  3 quokkas
  8 ball pythons
  2 frilled lizards
  5 goblins
  5 kobolds
  3 rats
66 creatures vanquished.

Notes
Turn   | Place    | Note
-------+----------+-------------------------------------------
     0 | D:1      | Wobber the Draconian Transmuter began the quest for the
                  | Orb.
     0 | D:1      | Reached XP level 1. HP: 16/16 MP: 3/3
   510 | D:1      | Reached XP level 2. HP: 23/23 MP: 3/5
   569 | D:1      | Found a faded altar of an unknown god.
   578 | D:1      | Prayed at the altar of an unknown god.
   578 | D:1      | Became a worshipper of Kikubaaqudgha
   578 | D:1      | Reached * piety under Kikubaaqudgha
   578 | D:1      | Received a gift from Kikubaaqudgha
  1085 | D:2      | Noticed a necrophage
  1094 | D:2      | Killed a necrophage
  1095 | D:2      | Reached skill level 3 in Transmutations
  1095 | D:2      | Reached XP level 3. HP: 14/29 MP: 4/6
  1095 | D:2      | Reached XP level 4. HP: 17/36 MP: 4/7
  1264 | D:2      | Learned a level 3 spell: Spider Form
  1373 | D:2      | Learned a level 4 spell: Animate Dead
  1650 | D:2      | Reached skill level 1 in Poison Magic
  1989 | D:3      | Reached XP level 5. HP: 12/41 MP: 8/8
  2465 | D:3      | Reached ** piety under Kikubaaqudgha
  3299 | D:4      | Reached skill level 4 in Transmutations
  3299 | D:4      | Reached XP level 6. HP: 37/50 MP: 10/10
  3539 | D:4      | Slain by an ogre

Illustrated notes

Levels and vault maps discovered:
D:1:      lightli_arrival_statue_moat, layout_loops_ring,
          hellmonk_ecumenical_altar_lost_god, serial_park_tiny_2
D:2:      layout_loops_ring
D:3:      layout_loops_ring, minmay_cupped
D:4:      cheibrodos_barr_body, layout_loops_ring, ebering_ghost_rock_garden,
          uniq_ijyb, uniq_edmund, uniq_duvessa

Skill      XL: |  1  2  3  4  5  6 |
---------------+-------------------+-----
Dodging        | 2 |  2.2
Fighting       | 2 |  2.8
Transmutations | 3 4 |  4.0
Poison Magic   | 1 2 |  2.2
Spellcasting   | 3 |  3.0
Unarmed Combat | |  3.3
Necromancy     | |  0.2

Action                   |  1- 3 |  4- 6 || total
-------------------------+-------+-------++-------
Melee: Unarmed           |    55 |    62 ||   117
       Headbutt          |     7 |    22 ||    29
       Kick              |     8 |    51 ||    59
       Tailslap          |     6 |    22 ||    28
       Punch             |     2 |       ||     2
       Short sword       |       |    91 ||    91
 Cast: Beastly Appendage |    17 |    29 ||    46
  Use: Scroll            |       |     3 ||     3
 Stab: Sleeping          |       |     1 ||     1
Armor: Skin              |    15 |    52 ||    67
Dodge: Dodged            |    27 |   113 ||   140
